 Dungeon Crawl Stone Soup version 0.21.0 (webtiles) character file.

53 Clarigatio the Grave Robber (level 3, -5/25 HPs)
             Began as a Demonspawn Necromancer on Apr 4, 2018.
             Killed by divine providence
             ... invoked by an orc priest
              (8 damage)
             ... on level 3 of the Dungeon.
             The game lasted 00:20:48 (1731 turns).

Clarigatio the Grave Robber (DsNe)                  Turns: 1731, Time: 00:20:49

Health: -5/25      AC:  4    Str:  8    XL:     3   Next: 62%
Magic:  6/6        EV: 12    Int: 17    God:
Gold:   62         SH:  0    Dex: 13    Spells: 4/6 levels left

rFire    . . .     SeeInvis .   e - +0 dagger
rCold    . . .     Gourm    .   (no shield)
rNeg     . . .     Faith    .   a - +0 robe
rPois    .         Spirit   .   i - +0 helmet
rElec    .         Reflect  .   (no cloak)
rCorr    .         Harm     .   (no gloves)
MR       .....                  j - +0 pair of boots
Stlth    ++........             t - amulet of regeneration
HPRegen  0.48/turn              (no ring)
MPRegen  0.10/turn              (no ring)

@: lethally poisoned (-5 -> -5)
A: powered by pain 1
a: no special abilities


You were on level 3 of the Dungeon.
You were not hungry.

You visited 1 branch of the dungeon, and saw 3 of its levels.

You collected 62 gold pieces.

Inventory:

Hand Weapons
 e - a +0 dagger (weapon)
Missiles
 d - 149 stones (quivered)
 o - 21 arrows
 q - 25 sling bullets
Armour
 a - a +0 robe (worn)
 i - a +0 helmet (worn)
 j - a +0 pair of boots (worn)
Jewellery
 t - an amulet of regeneration (around neck)
 u - a cursed amulet of inaccuracy {unknown}
Scrolls
 g - 3 scrolls of identify
 k - a scroll of blinking
 n - a scroll of random uselessness {unknown}
 r - a scroll of teleportation {unknown}
 w - 2 scrolls of remove curse
Potions
 f - a potion of ambrosia {unknown}
 h - a potion of resistance {unknown}
 m - 2 potions of cancellation {unknown}
 p - a potion of haste {unknown}
 s - a potion of curing {unknown}
 v - a potion of invisibility {unknown}
Books
 b - a book of Necromancy

   Spells                             Type                      Level
   a - Pain                           Necromancy                   1
   b - Animate Skeleton               Necromancy                   1
   c - Vampiric Draining              Necromancy                   3
   d - Regeneration                   Charms/Necromancy            3
   e - Animate Dead                   Necromancy                   4
   f - Borgnjor's Vile Clutch         Necromancy/Earth             5
Comestibles
 c - 3 rations


   Skills:
 + Level 0.3 Fighting
 + Level 0.9 Short Blades
 + Level 2.1 Dodging
 + Level 2.0 Stealth
 + Level 2.3 Spellcasting
 + Level 5.0 Necromancy


You had 4 spell levels left.
You knew the following spells:

 Your Spells              Type           Power        Failure   Level  Hunger
a - Pain                  Necr           ###.         2%          1    #......
b - Animate Skeleton      Necr           N/A          2%          1    #......


Dungeon Overview and Level Annotations

Branches:
Dungeon (3/15)

Altars:

Annotations:
D:3 Clarigatio's ghost, amateur GrFi


Innate Abilities, Weirdness & Mutations

You sometimes gain a little power by taking damage.


Message History

The orc priest casts a cantrip, but nothing happens.
You hit the orc priest.
The orc priest is severely wounded.
The orc priest barely misses you.
You hit the orc priest.
The orc priest is almost dead.
The orc priest closely misses you.
You hit the orc priest but do no damage.
The orc priest is almost dead.
The orc priest hits you with a dagger of venom.
You are poisoned.
You feel sick.
The orc priest calls down the wrath of Beogh upon you.
Pain shoots through your body!
* * * LOW HITPOINT WARNING * * *
Okay, then.
You feel sick.
The orc priest mumbles some strange prayers to Beogh against you.
Beogh smites you!
You die...

...o. .o. #o# #.#
#.# #.# #.#
#.################
#.)).oo..@.......#
################.#
#.# #.# #.# #.#
#.# #.# #.#


You could see an orc priest and an orc.

Vanquished Creatures
  An ooze (D:1)
  2 worms
  A dart slug (D:2)
  2 leopard geckos (D:1)
  2 orcs (D:3)
  4 bats
  6 giant cockroaches
  3 hobgoblins
  A frilled lizard (D:1)
  5 goblins
  5 rats
32 creatures vanquished.

Vanquished Creatures (collateral kills)
  An ooze (D:2)
  A giant cockroach (D:2)
  A hobgoblin (D:1)
  A rat (D:1)
4 creatures vanquished.

Grand Total: 36 creatures vanquished

Notes
Turn   | Place    | Note
-------+----------+-------------------------------------------
     0 | D:1      | Clarigatio the Demonspawn Necromancer began the quest for the Orb.
     0 | D:1      | Reached XP level 1. HP: 13/13 MP: 3/3
     2 | D:1      | Learned a level 1 spell: Animate Skeleton
   143 | D:1      | Gained mutation: You sometimes gain a little power by taking damage. [demonic ancestry]
   143 | D:1      | Reached XP level 2. HP: 8/19 MP: 1/5
   755 | D:1      | Reached skill level 5 in Necromancy
   916 | D:2      | Reached XP level 3. HP: 22/24 MP: 6/6
  1467 | D:3      | Noticed Clarigatio's ghost (amateur GrFi)
  1731 | D:3      | Killed from afar by an orc priest

Skill      XL: |  1  2  3 |
---------------+----------+-----
Dodging        | 2 |  2.1
Necromancy     | 5 |  5.0
Stealth        | 2 |  2.0
Fighting       | |  0.3
Short Blades   | |  0.9
Spellcasting   | |  2.3

Action                   || total
-------------------------++-------
Melee: Dagger            ||   141
Throw: Stone             ||     1
 Cast: Pain              ||    36
       Animate Skeleton  ||    10
  Use: Scroll            ||     3
 Stab: Sleeping          ||     1
  Eat: Chunk             ||     3
Armor: Robe              ||    44
Dodge: Dodged            ||   105
